 Dungeon Crawl Stone Soup version 0.29-a0-914-g906f1d757c (webtiles) character file.

Game seed: 14859326324758491486

481 2tc the Basher (level 7, -1/51 HPs)
             Began as a Meteoran Fighter on July 26, 2022.
             Was a Believer of Makhleb.
             Slain by an ice beast (14 damage)
             ... on level 5 of the Dungeon.
             The game lasted 00:09:24 (2229 turns).

2tc the Basher (Meteoran Fighter)                   Turns: 2229, Time: 00:09:24

Health: -1/51      AC:  4    Str: 18    XL:     7   Next: 61%
Magic:  8/8        EV:  9    Int:  9    God:    Makhleb [**....]
Gold:   191        SH:  0    Dex: 16    Spells: 6/6 levels left

rFire   . . .      SeeInvis .   f - +1 demon whip (elec)
rCold   . . .      Faith    .   (no shield)
rNeg    . . .      Spirit   .   b - +1 scale mail
rPois   .          Reflect  .   (no helmet)
rElec   .          Harm     .   (no cloak)
rCorr   .          Rampage  .   (no gloves)
Will    .....                   (no boots)
Stlth   ..........              i - amulet of the acrobat
HPRegen 0.17/turn               (no ring)
MPRegen 0.11/turn               (no ring)

@: glowing
A: sense surroundings 1, otherworldly, glowing, explore regen, deformed body,
frail 1
a: Renounce Religion, Minor Destruction


You were on level 5 of the Dungeon.
You worshipped Makhleb.
Makhleb was pleased with you.
You visited 1 branch of the dungeon, and saw 5 of its levels.

You collected 191 gold pieces.

Inventory:

Hand Weapons
 f - a +1 demon whip of electrocution (weapon)
Armour
 b - a +1 scale mail (worn)
 c - a +0 buckler
Jewellery
 g - a +6 ring of intelligence
 i - an amulet of the acrobat (around neck)
Wands
 e - a wand of light (8)
Potions
 a - 5 potions of curing
 d - 2 potions of cancellation {unknown}
 h - a potion of might
 j - a potion of brilliance {unknown}


   Skills:
 - Level 3.2 Fighting
 * Level 9.8 Maces & Flails
 - Level 3.6 Armour
 - Level 3.6 Shields


You had 6 spell levels left.
You didn't know any spells.
Your spell library contained the following spells:

 Spells                   Type           Power      Damage    Failure   Level
 Slow                     Hex            0%         N/A       77%         1
 Poisonous Vapours        Pois/Air       0%         N/A       88%         2
 Confusing Touch          Hex            0%         N/A       98%         3
 Gell's Gravitas          Tloc           0%         N/A       98%         3
 Stone Arrow              Conj/Erth      0%         3d7       98%         3
 Teleport Other           Tloc           0%         N/A       98%         3
 Vampiric Draining        Necr           0%         2d6       98%         3
 Animate Armour           Summ/Erth      0%         N/A       100%        4
 Corpse Rot               Necr/Pois/Air  0%         N/A       100%        4
 Dispersal                Tloc           0%         N/A       100%        6
 Lehudib's Crystal Spear  Conj/Erth      0%         10d2      100%        8


Dungeon Overview and Level Annotations

Branches:
Dungeon (5/15) Zot: 781
 Temple: D:4-7

Altars:
Makhleb

Shops:
D:4 =

Annotations:
D:3 1 runed translucent door, Sekuso's ghost, amateur OpMo


Innate Abilities, Weirdness & Mutations

You passively map a small area around you.
You are easily found by Zot.
You glow in the dark.
You regain HP and MP as you explore.
Armour fits poorly on your strangely shaped body.
You are frail. (-10% HP)


Message History

You hit the kobold brigand.
Lightning courses through the kobold brigand!
The kobold brigand is moderately wounded.
The kobold hits you but does no damage.
The kobold brigand hits you but does no damage.
You miss the kobold brigand.
The kobold brigand is moderately wounded.
You whack the kobold brigand!
The kobold brigand is severely wounded.
The kobold brigand barely misses you. The kobold hits you but does no damage.
You whack the kobold brigand!
The kobold brigand is almost dead.
You hit the kobold brigand but do no damage.
The kobold brigand is almost dead.
The kobold brigand hits you with a +4 whip!
The kobold hits you but does no damage.
You closely miss the kobold brigand.
The kobold brigand is almost dead.
The kobold brigand hits you with a +4 whip!
The ice beast closely misses you. The kobold hits you but does no damage.
You miss the kobold brigand.
The kobold brigand is almost dead.
You barely miss the kobold brigand.
The kobold brigand is almost dead.
The ice beast hits you but does no damage.
The kobold brigand hits you with a +4 whip!
The kobold hits you with a +0 dagger.
You closely miss the kobold brigand.
The kobold brigand is almost dead.
The ice beast barely misses you. The kobold barely misses you.
The kobold brigand hits you with a +4 whip.
You whack the kobold brigand!
You kill the kobold brigand!
Makhleb accepts your kill.
You whack the ice beast!
The ice beast is heavily wounded.
The ice beast hits you.
* * * LOW HITPOINT WARNING * * *
The ice beast freezes you!
You die...

, , ....... .#
....... .# *,
,, .......##.#
........# *
.......# , * *
#.....# *
#.YK).# , ,
**#.)@..#, , *
+...).# , *
#.....# ,
*,#.....#
#.###.# *
...#.....####
,,............#
* ,..####.....#
..#........#


You could see an ice beast and a kobold.

Vanquished Creatures
  Grinder (D:3)
  A phantom (D:4)
  A kobold brigand (D:5)
  A hound (D:4)
  An iguana (D:4)
  An adder (D:4)
  An ufetubus (D:4)
  4 dart slugs
  An orc (D:3)
  6 ball pythons
  7 endoplasms
  2 giant cockroaches (D:4)
  7 goblins
  8 hobgoblins
  6 jackals
  2 quokkas
  6 bats
  3 frilled lizards
  4 kobolds
  6 rats
69 creatures vanquished.

Vanquished Creatures (others)
  4 plants (D:1)
4 creatures vanquished.

Grand Total: 73 creatures vanquished

Notes
Turn   | Place    | Note
-------+----------+-------------------------------------------
     0 | D:1      | 2tc the Meteoran Fighter began the quest for the Orb.
     0 | D:1      | Reached XP level 1. HP: 19/19 MP: 2/2
    58 | D:1      | Reached skill level 3 in Maces & Flails
    72 | D:1      | Reached XP level 2. HP: 17/26 MP: 3/3
   148 | D:1      | Reached skill level 4 in Maces & Flails
   176 | D:1      | Found a faded altar of an unknown god.
   184 | D:1      | Prayed at the altar of an unknown god.
   184 | D:1      | Became a worshipper of Makhleb the Destroyer
   184 | D:1      | Reached * piety under Makhleb
   196 | D:1      | Reached XP level 3. HP: 31/31 MP: 4/4
   487 | D:1      | Glimpsed the power of Zot.
   603 | D:2      | Gained mutation: You are frail. (-10% HP) [potion of
                  | mutation]
   603 | D:2      | Gained mutation: Armour fits poorly on your strangely
                  | shaped body. [potion of mutation]
   706 | D:2      | Reached skill level 5 in Maces & Flails
   790 | D:2      | Reached XP level 4. HP: 33/34 MP: 5/5
   901 | D:2      | Identified a scroll of acquirement
   901 | D:2      | Acquired a +1 demon whip of electrocution
  1075 | D:2      | Reached ** piety under Makhleb
  1082 | D:2      | Glimpsed the power of Zot.
  1334 | D:3      | Found a runed translucent door.
  1497 | D:3      | Identified the +5 war axe "Giluasch" {freeze, rN+}
  1559 | D:3      | Noticed Grinder
  1568 | D:3      | Killed Grinder
  1569 | D:3      | Reached skill level 8 in Maces & Flails
  1569 | D:3      | Reached XP level 5. HP: 37/40 MP: 6/6
  1569 | D:3      | Reached XP level 6. HP: 42/45 MP: 7/7
  1683 | D:3      | Noticed Sekuso's ghost (amateur OpMo)
  1693 | D:3      | Glimpsed the power of Zot.
  1808 | D:4      | Found Joingusahu's One-of-a-Kind Rings.
  1828 | D:4      | Reached XP level 7. HP: 51/51 MP: 8/8
  1868 | D:4      | Reached skill level 9 in Maces & Flails
  2197 | D:5      | Entered Level 5 of the Dungeon
  2229 | D:5      | Slain by an ice beast

Illustrated notes

Levels and vault maps discovered:
D:1:      kennysheep_arrival_seaside, layout_basic,
          shapermc_ecumenical_altar_flowoftime
D:2:      layout_basic
D:3:      layout_basic, gammafunk_ghost_grave, uniq_grinder
D:4:      layout_rooms, nicolae_shop_unique_rings, supply_closet_lemuel
D:5:      layout_basic, minmay_temple_entry_offerings, uniq_menkaure,
          uniq_eustachio

Skill      XL: |  1  2  3  4  5  6  7 |
---------------+----------------------+-----
Maces & Flails | 3 4 5 8 9 |  9.8
Fighting       | |  3.2
Armour         | |  3.6
Shields        | |  3.6

Action                   |  1- 3 |  4- 6 |  7- 9 || total
-------------------------+-------+-------+-------++-------
Melee: Flail             |    89 |    10 |       ||    99
       Punch             |     2 |       |       ||     2
       Demon whip        |       |    73 |    32 ||   105
  Use: Scroll            |     5 |     6 |       ||    11
       Potion            |     3 |     1 |       ||     4
Armor: Scale mail        |    47 |    24 |    10 ||    81
Dodge: Dodged            |    41 |    31 |    18 ||    90

Table legend: (Time is in decaauts)
 A = Elapsed time spent in this place.
 B = Non-inter-level travel time spent in this place.
 C = Inter-level travel time spent in this place.
 D = Time resting spent in this place.
 E = Time spent auto-exploring this place.
 F = Levels seen in this place.
 G = Mean time per level.
                   A        B        C        D        E       F      G
               +--------+--------+--------+--------+--------+-----+--------+
         Total |   2218 |   2122 |     96 |      0 |   1626 |   5 |  443.6 |
       Dungeon |   2218 |   2122 |     96 |      0 |   1626 |   5 |  443.6 |
               +--------+--------+--------+--------+--------+-----+--------+

Top non-repeatable levels by time:
     D:3: 606 daAuts
     D:2: 597 daAuts
     D:1: 519 daAuts
     D:4: 468 daAuts
     D:5: 25 daAuts
